 Dungeon Sprint DCSS version 0.31-a0-1-g4198be8af4 (webtiles) character file.

Game seed: 9060750148781924395

25 Conn the Firebug (level 3, -12/21 HPs)
             Began as an Octopode Fire Elementalist on May 1, 2023.
             Mangled by an ogre
             ... wielding a +0 giant club
              (24 damage)
             ... in the Dungeon (Sprint I: "Red Sonja").
             The game lasted 00:04:13 (139 turns).

Conn the Firebug (Octopode Fire Elementalist)        Turns: 139, Time: 00:04:13

Health: -12/21     AC:  1    Str:  7    XL:     3   Next: 4%
Magic:  0/7        EV: 13    Int: 19    God:
Gold:   54         SH:  0    Dex: 12    Spells: 2/8 levels left

rFire   . . .        g - +0 dagger
rCold   . . .        (no shield)
rNeg    . . .        (helmet restricted)
rPois   .            (no amulet)
rElec   .            (no ring)
rCorr   .            (no ring)
SInv    .            (no ring)
Will    .....        (no ring)
Stlth   +++          (no ring)
HPRegen 0.23/turn    (no ring)
MPRegen 0.10/turn    (no ring)
                     (no ring)

%: no teleportation
@: no status effects
A: almost no armour, amphibious, 8 rings, camouflage 1, gelatinous body 1,
(nimble swimmer 1), tentacles
a: no special abilities


You were in the Dungeon.
You visited 1 branch You collected 54 gold pieces.

Inventory:

Hand Weapons
 g - a +0 dagger (weapon)
Wands
 d - a wand of digging (1)
Potions
 a - 3 potions of magic
 b - a potion of curing
 c - a potion of heal wounds
 e - a potion of berserk rage


   Skills:
 + Level 0.1 Fighting
 + Level 2.7 Dodging
 + Level 3.5 Stealth
 + Level 3.1 Spellcasting
 + Level 1.4 Conjurations
 + Level 5.1 Fire Magic


You had 2 spell levels left.
You knew the following spells:

 Your Spells              Type           Power      Damage    Failure   Level
a - Foxfire               Conj/Fire      60%        2x1d7     4%          1
b - Scorch                Fire           44%        2d6       2%          2
c - Inner Flame           Hex/Fire       12%        N/A       16%         3

Your spell library contained the following spells:

 Spells                   Type           Power      Damage    Failure   Level
 Volatile Blastmotes      Fire/Tloc      24%        2d12      16%         3
 Flame Wave               Conj/Fire      15%        2d7       36%         4


Dungeon Overview and Level Annotations

Branches:
Dungeon (1/1)

Altars:
Cheibriados
Elyvilon
Fedhas
Gozag
Hepliaklqana
Kikubaaqudgha
Nemelex Xobeh
Okawaru
Qazlal
Trog
Uskayaw
Yredelemnul
Zin
The Shining One

Shops:
D ?


Innate Abilities, Weirdness & Mutations

You cannot wear most types of armour.
You are amphibious.
You can wear up to eight rings at the same time.
Your skin changes colour to match your surroundings (Stealth+).
Your rubbery body absorbs attacks. (AC +1, EV +1)
((You are camouflaged when in or above water. (Stealth+)))
You have tentacles for arms and can constrict up to eight enemies at once.


Message History

The foxfire hits the yak.
Flame seeps out of the yak.
The yak is severely wounded.
The foxfire hits the yak.
Flame seeps out of the yak.
The yak is severely wounded.
The yak is engulfed in blazing flames.
Flame seeps out of the yak.
The foxfire hits the yak but does no damage.
The yak is almost dead.
Okay, then.
Unknown command.
Unknown command.
Unknown command.
Unknown command.
Okay, then.
Unknown command.
Unknown command.
You don't have enough magic to cast this spell.
Things that are here:
a +0 leather armour; the goblin corpse of Ijyb
There is a fountain of clear blue water here.
The yak attacks as you move away! The yak gores you!
Casting: Foxfire (safe; 4% risk of failure)
Confirm with . or Enter, or press ? or * to list all spells.
You miscast Foxfire.
You are very lightly contaminated with residual magic.
Nothing appears to happen.
The yak barely misses you.
Blink to where?
Press: ? - help, Dir - move target, p - yak
Found an ancient bone altar of Kikubaaqudgha and a basalt altar of Yredelemnul.
As you read the scroll of blinking, it crumbles to dust.
The yak snorts and paws the ground.
You open the door.
An ogre comes into view. It is wielding a +0 giant club.
The yak attacks as you move away! The yak gores you.
The ogre shouts!
Your magical contamination has completely faded away.
There is an open door here.
The ogre closely misses you.
The ogre hits you with a +0 giant club!!
Ouch! That really hurt!
You die...

##########
#<.#..'O.#
#..'..#Y@+
#....###+#
#....#
#..#__#
#[.#_____
#⌠⌠#_.∩...
#.##_ .__#
#..# ___#
#### #


You could see a yak (inner flame) and an ogre.

Vanquished Creatures
  Ijyb (D)
1 creature vanquished.

Vanquished Creatures (others)
  15 foxfires (D)
15 creatures vanquished.

Grand Total: 16 creatures vanquished

Notes
Turn   | Place    | Note
-------+----------+-------------------------------------------
     0 | D        | Conn the Octopode Fire Elementalist began the quest for the
                  | Orb.
     0 | D        | Reached XP level 1. HP: 11/11 MP: 3/3
     4 | D        | Noticed Ijyb
    30 | D        | Killed Ijyb
    31 | D        | Reached skill level 5 in Fire Magic
    31 | D        | Reached XP level 2. HP: 13/17 MP: 0/6
    31 | D        | Reached XP level 3. HP: 16/21 MP: 0/7
    46 | D        | Found a white marble altar of Elyvilon.
    46 | D        | Found a glowing silver altar of Zin.
    46 | D        | Found an iron altar of Okawaru.
    46 | D        | Found a bloodstained altar of Trog.
    46 | D        | Found a blossoming altar of Fedhas.
    46 | D        | Found a stormy altar of Qazlal.
    46 | D        | Found Huvexa Xuti's Magic Scroll Emporium.
    46 | D        | Found a hide-covered altar of Uskayaw.
    46 | D        | Found a hazy altar of Hepliaklqana.
    46 | D        | Found a sparkling altar of Nemelex Xobeh.
    46 | D        | Noticed a yak
   108 | D        | Learned a level 2 spell: Scorch
   112 | D        | Learned a level 3 spell: Inner Flame
   117 | D        | Found a glowing golden altar of the Shining One.
   117 | D        | Found a snail-covered altar of Cheibriados.
   117 | D        | Found an opulent altar of Gozag.
   132 | D        | Found an ancient bone altar of Kikubaaqudgha.
   132 | D        | Found a basalt altar of Yredelemnul.
   136 | D        | Noticed an ogre
   139 | D        | Mangled by an ogre

Illustrated notes

Levels and vault maps discovered:
D:        dungeon_sprint_1 [red_sonja_temple_1, red_sonja_temple_small_1]

Skill      XL: |  1 |
---------------+----+-----
Stealth        | 3 |  3.5
Spellcasting   | 3 |  3.1
Fire Magic     | 5 |  5.1
Fighting       | |  0.1
Dodging        | |  2.7
Conjurations   | |  1.4

Action                     || total
---------------------------++-------
  Melee: Unarmed           ||     9
         Tentacles         ||     2
         Constrict         ||     1
   Cast: Foxfire           ||     8
         Inner Flame       ||     1
  Evoke: Wand              ||     1
    Use: Potion            ||     1
         Scroll            ||     1
  Dodge: Dodged            ||     6

Table legend: (Time is in decaauts)
 A = Elapsed time spent in this place.
 B = Non-inter-level travel time spent in this place.
 C = Inter-level travel time spent in this place.
 D = Time resting spent in this place.
 E = Time spent auto-exploring this place.
 F = Levels seen in this place.
 G = Mean time per level.
                   A        B        C        D        E       F      G
               +--------+--------+--------+--------+--------+-----+--------+
         Total |    119 |    119 |      0 |     50 |      0 |   1 |  119.0 |
       Dungeon |    119 |    119 |      0 |     50 |      0 |   1 |  119.0 |
               +--------+--------+--------+--------+--------+-----+--------+

Top non-repeatable levels by time:
       D: 119 daAuts
